 Seeded DCSS version 0.30.0-29-ga12c61a403 (webtiles) character file.

Game seed: 12395530661684267321 (custom seed)

80103 Hubris850 the Peltast (level 15, -6/126 HPs)
             Began as a Minotaur Fighter on June 23, 2023.
             Was an Initiate of Gozag.
             Killed from afar by a starcursed mass (9 damage)
             ... with an accursed screaming
             ... on level 3 of the Abyss.
             The game lasted 00:57:49 (25504 turns).

Hubris850 the Peltast (Minotaur Fighter)           Turns: 25504, Time: 00:57:51

Health: -6/126     AC: 20    Str: 24    XL:     15   Next: 22%
Magic:  0/14       EV: 12    Int: -2 (3) God:    Gozag
Gold:   1955       SH: 28    Dex: 12    Spells: 14/14 levels left

rFire   + . .        t - +9 lance "Wyrmbane" {slay drac, rPois rF+ rC+ AC+3}
rCold   + + .        r - +10 tower shield of Ignorance {rN+ Int-4}
rNeg    + . .        d - +0 swamp dragon scales
rPois   +            i - +2 hat {Will+}
rElec   .            (no cloak)
rCorr   +            P - +2 pair of gloves {infuse}
SInv    .            w - +0 pair of boots
Will    ++...        Q - amulet "Matzovoc" {Spirit rC+ Slay+3}
Stlth   +            z - ring of flight
HPRegen 0.41/turn    G - ring of resist corrosion
MPRegen 0.14/turn

%: random rage (3%), guardian spirit
@: on berserk cooldown, flying, slowed, lost intelligence, unable to read,
unable to drink, very slow
A: horns 2, retaliatory headbutt, [berserk 1], [inability to drink after injury
1], [inability to read after injury 1]
a: Renounce Religion, Potion Petition, Call Merchant, Bribe Branch


You were on level 3 of the Abyss.
You worshipped Gozag.
Gozag was most pleased with you.
You visited 3 branches of the dungeon, and saw 20 of its levels.
You visited the Abyss 1 time.
You also visited: Ossuary and Bailey.

You collected 6007 gold pieces.
You spent 3934 gold pieces at shops.
You paid 118 gold pieces to Gozag.

Inventory:

Hand Weapons
 a - a +2 scimitar of flaming
 m - a +0 triple crossbow
 t - the +9 lance "Wyrmbane" (weapon) {slay drac, rPois rF+ rC+ AC+3}
   (You bought it in a shop on level 8 of the Dungeon)

   AC:        It affects your AC (+3).
   rF:        It protects you from fire.
   rC:        It protects you from cold.
   rPois:     It protects you from poison.
Missiles
 c - 16 javelins
 k - 20 boomerangs (quivered)
 x - 45 poisoned darts
 L - 4 silver javelins
 W - 3 curare-tipped darts
Armour
 d - +0 swamp dragon scales (worn)
 i - a +2 hat of willpower (worn)
 r - the +10 tower shield of Ignorance (worn) {rN+ Int-4}
   (You bought it in a shop on level 8 of the Dungeon)

   Int:       It affects your intelligence (-4).
   rN:        It protects you from negative energy.
 w - a +0 pair of boots (worn)
 P - a +2 pair of gloves of infusion (worn)
Jewellery
 z - a ring of flight (left hand)
 G - a ring of resist corrosion (right hand)
 Q - the amulet "Matzovoc" (around neck) {Spirit rC+ Slay+3}
   (You acquired it in a bailey)

   [amulet of guardian spirit]

   It causes incoming damage to be divided between your reserves of health and
   magic.
   Slay:      It affects your accuracy & damage with ranged weapons and melee
   (+3).
   rC:        It protects you from cold.
 Y - a ring of see invisible
Wands
 e - a wand of mindburst (11)
 j - a wand of paralysis (11)
 n - a wand of flame (45)
 B - a wand of roots (17)
Scrolls
 b - 4 scrolls of identify
 g - a scroll of silence
 h - 4 scrolls of teleportation
 q - 4 scrolls of blinking
 s - 3 scrolls of butterflies
 u - 4 scrolls of fog
 v - 3 scrolls of magic mapping
 y - 3 scrolls of enchant armour
 C - a scroll of poison
 H - a scroll of brand weapon
 I - a scroll of enchant weapon
 N - 4 scrolls of fear
 U - 5 scrolls of vulnerability
Potions
 l - 5 potions of lignification
 o - a potion of resistance
 p - 5 potions of heal wounds
 A - a potion of flight
 D - 12 potions of curing
 E - 3 potions of haste
 F - 5 potions of brilliance
 M - 4 potions of ambrosia
 R - 3 potions of invisibility
 V - a potion of magic
 X - 2 potions of might
 Z - 4 potions of attraction
Miscellaneous
 f - a box of beasts (inert)


   Skills:
 - Level 10.0 Fighting
 - Level 14.9 Polearms
 - Level 12.0 Throwing
 - Level 10.0 Armour
 - Level 6.0 Dodging
 + Level 15.7 Shields
 + Level 11.8 Evocations


You had 14 spell levels left.
You didn't know any spells.
Your spell library contained the following spells:

 Spells                   Type           Power      Damage    Failure   Level
 Apportation              Tloc           0%         N/A       94%         1
 Kiss of Death            Conj/Necr      0%         2d5       94%         1
 Magic Dart               Conj           0%         1d3       94%         1
 Necrotise                Necr           0%         1d4       94%         1
 Summon Small Mammal      Summ           0%         N/A       94%         1
 Blink                    Tloc           0%         N/A       98%         2
 Ensorcelled Hibernation  Hex/Ice        0%         N/A       98%         2
 Lesser Beckoning         Tloc           0%         N/A       98%         2
 Momentum Strike          Conj/Tloc      0%         3d8       98%         2
 Scorch                   Fire           0%         2d5       98%         2
 Searing Ray              Conj           0%         2d4       98%         2
 Static Discharge         Conj/Air       0%         2-2/arc   98%         2
 Call Canine Familiar     Summ           0%         N/A       100%        3
 Confusing Touch          Hex            0%         N/A       100%        3
 Dazzling Flash           Conj/Hex       0%         N/A       100%        3
 Inner Flame              Hex/Fire       0%         N/A       100%        3
 Ozocubu's Armour         Ice            0%         N/A       100%        3
 Portal Projectile        Hex/Tloc       0%         N/A       100%        3
 Spider Form              Tmut/Pois      0%         N/A       100%        3
 Summon Guardian Golem    Hex/Summ       0%         N/A       100%        3
 Tukima's Dance           Hex            0%         N/A       100%        3
 Vhi's Electric Charge    Tloc/Air       0%         N/A       100%        3
 Volatile Blastmotes      Fire/Tloc      0%         2d10      100%        3
 Airstrike                Air            0%         2d(0-16)  100%        4
 Anguish                  Hex/Necr       0%         N/A       100%        4
 Dispel Undead            Necr           0%         3d6       100%        4
 Flame Wave               Conj/Fire      0%         2d4       100%        4
 Fulminant Prism          Conj/Hex       0%         3d5       100%        4
 Iskenderun's Mystic Bla  Conj/Tloc      0%         2d3       100%        4
 Leda's Liquefaction      Hex/Erth       0%         N/A       100%        4
 Passage of Golubria      Tloc           0%         N/A       100%        4
 Sticky Flame             Conj/Fire      0%         2d3       100%        4
 Summon Lightning Spire   Summ/Air       0%         N/A       100%        4
 Agony                    Necr           0%         N/A       100%        5
 Arcjolt                  Conj/Air       0%         1d10      100%        5
 Lee's Rapid Deconstruct  Erth           0%         3d4*      100%        5
 Silence                  Hex/Air        0%         N/A       100%        5
 Yara's Violent Unravell  Hex/Tmut       0%         3d3       100%        5
 Summon Cactus Giant      Summ           0%         N/A       100%        6
 Ozocubu's Refrigeration  Ice            0%         4d7       100%        7
 Borgnjor's Revivificati  Necr           0%         N/A       100%        8
 Infestation              Necr           0%         N/A       100%        8
 Maxwell's Capacitive Co  Air            0%         ∞         100%        8


Dungeon Overview and Level Annotations

Branches:
Dungeon (14/15)            Temple (1/1) D:4            Lair (5/5) D:11
 Shoals (0/4) Lair:2        Snake (0/4) Lair:2        Slime (0/5) Lair:4
    Orc (0/2) D:10        Ossuary (visited)          Bailey (visited)
 Vaults: D:13-14

Altars:
Cheibriados
Dithmenos
Elyvilon
Fedhas
Gozag
Hepliaklqana
Ru
Sif Muna
Uskayaw
Zin
Jiyva

Shops:
D:2 ?   D:4 ?   D:8 *?!**[

Annotations:
D:13 2 transporters
D:14 Louise


Innate Abilities, Weirdness & Mutations

You have a pair of horns on your head.
You reflexively headbutt those who attack you in melee.
[You sometimes lose your temper in combat.]
[You occasionally lose the ability to drink potions when taking damage.]
[You occasionally lose the ability to read scrolls when taking damage.]


Message History

A chorus of shrieks assaults your mind.
* * * LOW HITPOINT WARNING * * *
You impale the starcursed mass!!
You destroy the starcursed mass!
You puncture the glowing orange brain!
Your headbutt misses the glowing orange brain.
The glowing orange brain is lightly wounded.
The starcursed mass touches you.
* * * LOW HITPOINT WARNING * * *
You attempt to attack the glowing orange brain, but flinch away in fear!
The glowing orange brain pulsates.
You feel dopey. Something feeds on your intellect!
The starcursed mass barely misses you.
You puncture the glowing orange brain!
You headbutt the glowing orange brain, but do no damage.
The glowing orange brain is heavily wounded.
You block the starcursed mass's attack.
You hit the glowing orange brain.
Your headbutt misses the glowing orange brain.
The glowing orange brain is heavily wounded.
A chorus of shrieks assaults your mind.
* * * LOW HITPOINT WARNING * * *
You attempt to attack the glowing orange brain, but flinch away in fear!
The starcursed mass is distracted by your dazzling golden aura.
You block the starcursed mass's attack.
You puncture the glowing orange brain! You headbutt the glowing orange brain!
You are no longer terrified.
You kill the glowing orange brain!
The small abomination is distracted by your dazzling golden aura.
The starcursed mass touches you but does no damage.
You feel the corruption within you wane somewhat.
You feel a little less angry.
You feel agile.
You lose the ability to drink potions when taking damage less often.
You hit the starcursed mass. You headbutt the starcursed mass.
The starcursed mass is severely damaged.
The starcursed mass shudders and is absorbed by its neighbour.
The starcursed mass is no longer distracted by gold.
A chorus of shrieks assaults your mind.
You die...
Your body crumbles into a pile of gold.

φ # ####.# ##.
###⌠#..# . .#..
#@#..# ..#
#$Xx#...#
##.#X#..#.#.# .
# ......# . ..#
..$#..# #
##...#$...$ .#
..
#.##.####..#..#
# ## ### ...# .
. #. .#..# . #
#.#


You could see 2 starcursed masses and a small abomination.

Vanquished Creatures
  Gastronok (Lair:1)
  A tengu reaver (D:12)
  A dire elephant (Lair:5)
  6 hydras
  4 centaur warriors
  A catoblepas (Lair:5)
  2 two-headed ogres
  Erica (Lair:1)
  2 tengu warriors (D:14)
  2 boulder beetles
  Urug (D:10)
  6 death yaks
  Amaemon (D:10)
  Nergalle (Lair:1)
  A wretched star (Abyss:3)
  4 skysharks
  5 skeletal warriors (D:13)
  Lodul (D:13)
  A wizard (D:14)
  A glowing orange brain (Abyss:3)
  2 lindwurms (Lair:5)
  A deep elf pyromancer (D:14)
  A harpy (D:12)
  6 manticores
  2 wolf spiders (Lair:5)
  A worldbinder (Abyss:3)
  3 cyclopes
  A will-o-the-wisp (Abyss:3)
  6 black mambas
  A guardian serpent (Lair:5)
  An orange demon (D:10)
  14 elephants
  2 gargoyles
  2 unseen horrors (D:12)
  13 cane toads
  Maggie (Lair:1)
  3 kobold demonologists
  A yaktaur (D:14)
  3 rime drakes
  3 tengu conjurers (D:14)
  13 komodo dragons
  5 trolls
  2 polar bears (Lair:5)
  4 merfolk (Lair:2)
  15 blink frogs
  2 hornets (Lair:5)
  15 dream sheep
  Grinder (D:3)
  4 slime creatures (D:12)
  A shadow (D:12)
  3 wraiths
  13 wyverns
  5 basilisks
  A vampire (D:12)
  31 yaks
  Grum (D:9)
  7 vampire mosquitoes
  2 steam dragons
  3 redbacks (Lair:5)
  A naga (shapeshifter) (D:12)
  3 wargs (D:11)
  2 nagas (Lair:2)
  2 acid dragons
  17 water moccasins
  2 black bears (D:8)
  9 orc warriors
  A sky beast (D:6)
  An ice beast (D:8)
  5 boggarts
  7 ogres
  18 wolves
  9 starcursed masses (Abyss:3)
  7 centaurs
  A phantom (D:6)
  5 kobold brigands
  3 small abominations (Abyss:3)
  11 bullfrogs
  2 gnoll sergeants
  5 scorpions
  4 wights (D:9)
  9 electric eels
  A howler monkey (D:6)
  7 orc priests
  A hound (D:3)
  8 jellies
  4 iguanas
  9 orc wizards
  A mummy (Ossuary)
  9 gnolls
  8 adders
  An ufetubus (D:4)
  A worm (D:4)
  3 dart slugs
  45 orcs
  2 endoplasms
  3 giant cockroaches
  11 goblins
  10 hobgoblins
  36 kobolds
  A quokka (D:1)
  10 ball pythons
  2 bats
  3 frilled lizards
  10 gnoll skeletons (Ossuary)
  3 kobold skeletons (Ossuary)
  12 orc skeletons (Ossuary)
  9 rats
572 creatures vanquished.

Vanquished Creatures (collateral kills)
  A tengu warrior (D:14)
  2 centaurs (D:14)
  A howler monkey (D:14)
4 creatures vanquished.

Vanquished Creatures (others)
  An orc wizard (D:6)
1 creature vanquished.

Grand Total: 577 creatures vanquished

Notes
Turn   | Place    | Note
-------+----------+-------------------------------------------
     0 | D:1      | Hubris850 the Minotaur Fighter began the quest for the Orb.
     0 | D:1      | Reached XP level 1. HP: 19/19 MP: 0/0
   362 | D:1      | Reached XP level 2. HP: 25/27 MP: 1/1
  1061 | D:2      | Reached skill level 4 in Shields
  1164 | D:2      | Reached XP level 3. HP: 25/33 MP: 2/2
  1247 | D:2      | Identified the +2 spear of Shrieking Terror {antimagic,
                  | +Blink rN++ Will- Stlth+}
  1938 | D:2      | Found Hywkopsiw's Magic Scroll Shoppe.
  2103 | D:3      | Reached skill level 1 in Throwing
  2192 | D:3      | Found a glowing silver altar of Zin.
  2192 | D:3      | Found a shadowy altar of Dithmenos.
  2257 | D:3      | Reached XP level 4. HP: 27/40 MP: 3/3
  2514 | D:3      | Found a faded altar of an unknown god.
  2532 | D:3      | Noticed Grinder
  2543 | D:3      | Killed Grinder
  2544 | D:3      | Reached skill level 5 in Armour
  2544 | D:3      | Reached skill level 5 in Shields
  2544 | D:3      | Reached XP level 5. HP: 35/46 MP: 1/4
  2544 | D:3      | Reached XP level 6. HP: 39/52 MP: 1/5
  2739 | D:3      | You fall into a shaft and drop 3 floors!
  2877 | D:6      | Noticed a sky beast
  2896 | D:6      | Killed a sky beast
  2897 | D:6      | Reached skill level 5 in Polearms
  2897 | D:6      | Reached XP level 7. HP: 33/59 MP: 6/6
  3086 | D:6      | Reached skill level 6 in Shields
  3493 | D:5      | Entered Level 5 of the Dungeon
  3743 | D:5      | Identified the +0 ring mail of Uqed {SInv}
  3832 | D:5      | Found a sand-covered staircase.
  3841 | Ossuary  | Entered an ossuary
  3841 | Ossuary  | Noticed a wraith
  3841 | Ossuary  | Noticed a wraith
  3841 | Ossuary  | Noticed a wraith
  4071 | Ossuary  | Noticed a wraith
  4101 | Ossuary  | Killed a wraith
  4102 | Ossuary  | Reached skill level 5 in Throwing
  4102 | Ossuary  | Reached XP level 8. HP: 66/66 MP: 7/7
  4828 | D:4      | Found a shimmering blue altar of Sif Muna.
  5101 | D:4      | Found a staircase to the Ecumenical Temple.
  5110 | Temple   | Entered the Ecumenical Temple
  5123 | Temple   | Became a worshipper of Gozag Ym Sagoz the Greedy
  5356 | D:4      | Found Alexuu's Magic Scroll Shop.
  5360 | D:4      | Bought a scroll of identify for 22 gold pieces
  5360 | D:4      | Bought a scroll of identify for 22 gold pieces
  6469 | D:7      | Found a flagged portal.
  6479 | Bailey   | Entered a bailey
  6589 | Bailey   | Reached XP level 9. HP: 71/71 MP: 8/8
  7223 | Bailey   | Reached skill level 10 in Polearms
  7298 | Bailey   | Found an iron altar of Okawaru.
  7298 | Bailey   | Noticed a kobold demonologist
  7298 | Bailey   | Noticed a kobold demonologist
  7316 | Bailey   | Killed a kobold demonologist
  7329 | Bailey   | Killed a kobold demonologist
  7428 | Bailey   | Identified the +0 robe "Iklauthra" {Slay+3}
  7545 | Bailey   | Acquired the amulet "Matzovoc" {Spirit rC+ Slay+3}
  7891 | D:7      | Identified the +3 trident "Niygoita" {holy, rF+}
  8566 | D:8      | Found a hide-covered altar of Uskayaw.
  8646 | D:8      | Reached XP level 10. HP: 72/78 MP: 2/9
  8979 | D:8      | Found Esolih's Assorted Antiques.
  8979 | D:8      | Found Xidduqoikk's Assorted Antiques.
  9029 | D:8      | Found Byzxa's Magic Scroll Boutique.
  9029 | D:8      | Found Bait Bicusch's Assorted Antiques.
  9035 | D:8      | Found Weixzen's Distillery.
  9035 | D:8      | Found Isohyarr's Antique Armour Boutique.
 10009 | D:9      | Noticed Grum
 10028 | D:9      | Killed Grum
 10562 | D:9      | Reached skill level 7 in Shields
 10665 | D:10     | Entered Level 10 of the Dungeon
 10805 | D:10     | Found a staircase to the Orcish Mines.
 10867 | D:10     | Noticed a two-headed ogre
 10875 | D:10     | Killed a two-headed ogre
 10876 | D:10     | Reached skill level 8 in Shields
 11018 | D:10     | Noticed Urug
 11022 | D:10     | Noticed Amaemon
 11023 | D:10     | Noticed an orange demon
 11032 | D:10     | Killed Urug
 11033 | D:10     | Reached skill level 9 in Shields
 11047 | D:10     | Killed Amaemon
 11048 | D:10     | Reached XP level 11. HP: 21/84 MP: 0/10
 11052 | D:10     | Reached skill level 10 in Shields
 11581 | D:11     | Noticed a boulder beetle
 11591 | D:11     | Killed a boulder beetle
 11749 | D:11     | Found a staircase to the Lair.
 11838 | D:11     | Reached skill level 11 in Shields
 12319 | D:11     | Reached skill level 12 in Shields
 12492 | D:11     | Reached skill level 1 in Dodging
 12954 | Lair:1   | Entered Level 1 of the Lair of Beasts
 13027 | Lair:1   | Reached skill level 1 in Evocations
 13093 | Lair:1   | Noticed Maggie
 13096 | Lair:1   | Noticed Erica
 13126 | Lair:1   | Killed Erica
 13135 | Lair:1   | Killed Maggie
 13136 | Lair:1   | Reached skill level 5 in Fighting
 13412 | Lair:1   | Noticed Gastronok
 13431 | Lair:1   | Killed Gastronok
 13432 | Lair:1   | Reached XP level 12. HP: 78/94 MP: 0/11
 13821 | Lair:1   | Noticed Nergalle
 13834 | Lair:1   | Killed Nergalle
 14682 | D:8      | Bought the +8 lance "Wyrmbane" {slay drac, rPois rF+ rC+
                  | AC+3} for 2343 gold pieces
 14682 | D:8      | Found the +8 lance "Wyrmbane" {slay drac, rPois rF+ rC+
                  | AC+3}
 14803 | Lair:2   | Found a staircase to the Snake Pit.
 15344 | Lair:2   | Found a staircase to the Shoals.
 15873 | Lair:3   | Reached skill level 5 in Dodging
 15958 | Lair:3   | Identified the +4 flail of Enoxzoro {venom, +Blink rElec
                  | rC+}
 16085 | Lair:3   | Reached skill level 10 in Armour
 16762 | Lair:4   | Noticed a death yak
 16762 | Lair:4   | Noticed a death yak
 16763 | Lair:4   | Found a viscous altar of Jiyva.
 16763 | Lair:4   | Noticed a death yak
 16787 | Lair:4   | Killed a death yak
 16788 | Lair:4   | Killed a death yak
 16807 | Lair:4   | Killed a death yak
 16808 | Lair:4   | Reached skill level 5 in Evocations
 16808 | Lair:4   | Reached XP level 13. HP: 60/107 MP: 0/12
 17186 | Lair:4   | Reached skill level 10 in Throwing
 17608 | Lair:4   | Found a staircase to the Slime Pits.
 17757 | Lair:5   | Entered Level 5 of the Lair of Beasts
 18504 | Lair:5   | Reached skill level 10 in Fighting
 18810 | Lair:5   | Noticed a dire elephant
 18826 | Lair:5   | Killed a dire elephant
 19018 | Lair:5   | Got the Handbook of Generative Misery
 19130 | Lair:5   | Reached XP level 14. HP: 40/121 MP: 1/13
 19627 | D:8      | Bought the +10 tower shield of Ignorance {rN+ Int-4} for
                  | 1547 gold pieces
 19627 | D:8      | Found the +10 tower shield of Ignorance {rN+ Int-4}
 20878 | Lair:5   | Reached skill level 13 in Shields
 21871 | D:12     | Reached skill level 10 in Evocations
 22400 | D:12     | Found a runed translucent door.
 22856 | D:12     | Noticed a tengu reaver
 22872 | D:12     | Killed a tengu reaver
 22875 | D:12     | Reached skill level 14 in Shields
 23268 | D:13     | Identified the +0 dagger of Success {venom, Int+3 Dex+3
                  | Stlth+}
 23268 | D:13     | Identified the +5 scale mail of the Bagpipe {Str+2 SInv
                  | Stlth-}
 23402 | D:13     | Noticed a purple very ugly thing
 23403 | D:13     | Found a transporter.
 24031 | D:13     | Found a transporter.
 24536 | D:14     | Noticed Lodul
 24546 | D:14     | Reached skill level 15 in Shields
 24718 | D:13     | Killed Lodul
 24719 | D:13     | Reached XP level 15. HP: 108/126 MP: 6/14
 25287 | D:14     | Noticed Louise
 25310 | Abyss:3  | Cast into level 3 of the Abyss (Louise)
 25487 | Abyss:3  | Lost intelligence.
 25501 | Abyss:3  | HP: 2/126 [starcursed mass/accursed screaming (9)]
 25504 | Abyss:3  | Killed from afar by a starcursed mass

Illustrated notes

Levels and vault maps discovered:
D:1:      nagdon_arrival_double_spiral, layout_basic
D:2:      layout_basic, serial_shops, nicolae_shop_real_fake_doors,
          minmay_tetromino_l2
D:3:      layout_loops_ring, gammafunk_temple_overflow_statue,
          hellmonk_ecumenical_altar_inner_sanctum, uniq_grinder
D:4:      layout_loops_ring, lemuel_round_altar, minmay_temple_entry_waves,
          serial_shops, nicolae_shop_back_alley_shop, dreamdust_princess_bridge,
          st_stairs_1, chequers_mini_garden
D:5:      layout_basic, nicolae_ossuary_entry_ruins
D:6:      layout_loops_corners, dk_noncrumbling_4, due_unseen_surprise
D:7:      layout_loops_cross, enter_bailey_2
D:8:      layout_gridville, eat_drink_and_be_merry_uskayaw,
          nicolae_shop_national_dungeon_mall
D:9:      layout_long_grid, minivault_19, minmay_misc_feat_ornament, uniq_grum
D:10:     layout_rooms, orc_0_dummy, uniq_amaemon, uniq_urug
D:11:     layout_roguey, erik_lair_orcish_takeover, serial_co_window_serial,
          co_window_of_opportunity_a, co_window_corner_a, co_window_corner_a,
          co_window_corner_a, co_window_corner_a, co_window_unsneaky_path_e,
          co_window_corner_b, co_window_cross_2, co_window_of_opportunity_c,
          co_window_paths_c, co_window_4corner_a, co_window_paths_e,
          glass_columns_b, glass_columns_a
D:12:     layout_irregular_city, lightli_airlock
D:13:     gammafunk_cloud_chamber, layout_small_grid
D:14:     minmay_inside_and_out, layout_long_grid, grunt_vaults_entry_fortified,
          minmay_misc_feat_chi, uniq_louise, uniq_lodul
Temple:   mainiacjoe_temple_coin_purse
Lair:1:   layout_chaotic_city, uniq_erica, uniq_nergalle, uniq_gastronok,
          uniq_maggie
Lair:2:   layout_small_grid, elwin_shoals_entry_stream,
          guppyfry_snake_entry_island, grunt_megastairs_2, serial_bayou_shore_a,
          infiniplex_staircase_pool
Lair:3:   layout_hall_layers
Lair:4:   layout_roguey, nicolae_slime_entry_field_trip,
          chequers_serial_rivers_room_b
Lair:5:   hangedman_lair_tendril_chambers, layout_hall_layers,
          hangedman_lair_in_review, kilobyte_rumbling_trees
Abyss:3:  base: D:8, nicolae_abyss_rune_star_stuff

Skill      XL: |  1  2  3  4  5  6  7  8  9 10 11 12 13 14 |
---------------+-------------------------------------------+-----
Armour         | 4 5 6 8 10 | 10.0
Shields        | 4 5 6 9 12 15 | 15.7
Fighting       | 4 5 7 10 | 10.0
Polearms       | 3 4 5 7 9 12 14 | 14.9
Throwing       | 1 2 3 5 7 8 9 12 | 12.0
Dodging        | 3 6 |  6.0
Evocations     | 2 5 8 11 | 11.8

Action                     |  1- 3 |  4- 6 |  7- 9 | 10-12 | 13-15 || total
---------------------------+-------+-------+-------+-------+-------++-------
  Melee: Trident           |   104 |    70 |   392 |   532 |       ||  1098
         Headbutt          |    10 |     9 |    62 |   134 |   214 ||   429
         Spear             |       |     8 |    13 |       |       ||    21
         Lance             |       |       |       |   115 |   893 ||  1008
  Throw: Boomerang         |       |       |    30 |    12 |    76 ||   118
         Dart              |       |       |       |     6 |     3 ||     9
         Javelin           |       |       |       |     6 |    12 ||    18
  Evoke: Wand              |       |       |     1 |       |     1 ||     2
         Box of beasts     |       |       |       |       |     1 ||     1
    Use: Potion            |       |     2 |     2 |     5 |       ||     9
         Scroll            |       |       |    12 |    11 |     7 ||    30
   Stab: Distracted        |       |       |       |     3 |     9 ||    12
 Armour: Scale mail        |    32 |    15 |    38 |    54 |   120 ||   259
         Plate armour      |       |       |    86 |    41 |       ||   127
         Swamp dragon scal |       |       |       |       |   101 ||   101
  Dodge: Dodged            |    19 |    19 |    77 |    84 |   156 ||   355
  Block: Buckler           |     1 |       |       |       |       ||     1
         Kite shield       |    31 |    11 |   166 |   185 |   152 ||   545
         Reflection        |       |       |     1 |       |       ||     1
         Tower shield      |       |       |       |       |   467 ||   467
